Canucks vs Senateurs
Created - April 19, 2022 at 19:51
Goals
|
| Canucks |
1 |
0 |
1 |
2 |
| Senateurs |
1 |
1 |
3 |
5 |
|
Shots
|
| Canucks |
4 |
10 |
11 |
25 |
| Senateurs |
15 |
10 |
13 |
38 |
|
1st period
1. Senateurs , Max Pacioretty 13 (Jason Pominville 14, Eric Gelinas 20) at 6:47
2. Canucks , Drew Doughty 13 (Garnet Hathaway 6, Jonathan Quick) at 17:06
Penalties :
Reilly Smith (Ott) for Roughing (Minor) at 9:57, Mike Lundin (Van) for Roughing (Minor) at 17:27
2nd period
3. Senateurs , Sidney Crosby 31 (Brandon Burlon 12) at 13:49
Penalties :
Cody Franson (Ott) for Slashing (Minor) at 0:54, Nick Palmieri (Van) for Tripping (Minor) at 0:58
3rd period
4. Senateurs , Erik Haula 8 (Wes O'Neill 14) at 1:57
5. Canucks , Nick Palmieri 19 (Marcus Johansson 19) at 2:47
6. Senateurs , Sidney Crosby 32 (Reilly Smith 27, Brandon Burlon 13) at 8:21
7. Senateurs , Sidney Crosby 33 (Sean Bergenheim 20, Reilly Smith 28) at 14:49
Penalties :
Mike Lundin (Van) for Hooking (Minor) at 9:43, Sidney Crosby (Ott) for Interference (Minor) at 16:07, Jamie Benn (Van) for Interference (Minor) at 18:29
Goalie Stats
Jonathan Quick (Van), 33 saves from 38 shots - (0.868), L, 21-22-4, 60:00 minutes
Brian Elliott (Ott), 23 saves from 25 shots - (0.920), W, 8-15-2, 60:00 minutes
Players Stats for Canucks
Player Name G A P +/- PIM S H SB GA TA FO MP PP MP PK MP
------------------------------------------------------------------------------------
Alex Goligoski 0 0 0 -1 0 1 2 1 0 0 0/0 19:37 1:18 2:19
Cody Eakin 0 0 0 0 0 0 0 0 0 0 0/0 7:22 0:19 0:51
Derick Brassard 0 0 0 -3 0 1 0 1 0 1 3/10 21:26 0:00 3:23
Drew Doughty 1 0 1 -2 0 1 1 0 0 1 0/0 26:50 2:03 3:13
Fabian Brunnstrom 0 0 0 -1 0 3 0 0 0 0 0/0 12:35 0:18 0:53
Garnet Hathaway 0 1 1 0 0 0 1 0 0 0 0/0 6:27 0:48 0:00
Jamie Benn 0 0 0 -3 2 0 2 0 0 1 3/3 16:52 0:00 0:00
Jason Akeson 0 0 0 -1 0 1 2 1 1 0 0/2 13:09 0:10 1:17
Marcus Johansson 0 1 1 1 0 3 0 1 0 1 0/0 17:56 3:05 0:00
Maxim Talbot 0 0 0 -1 0 2 1 1 1 1 2/7 12:08 0:39 0:02
Michael Kostka 0 0 0 0 0 1 0 0 0 0 0/0 12:54 0:41 0:00
Mike Lundin 0 0 0 -1 4 1 0 1 0 0 0/0 17:33 1:18 0:57
Nick Palmieri 1 0 1 1 2 3 3 0 0 0 1/1 18:56 3:03 1:01
Oscar Sundqvist 0 0 0 0 0 0 2 0 0 0 0/0 3:42 0:39 0:00
Robert Nilsson 0 0 0 1 0 6 1 1 0 0 15/33 24:59 3:04 2:36
Sam Gagner 0 0 0 -3 0 1 2 0 0 0 0/0 18:24 0:00 1:01
Tomas Kundratek 0 0 0 0 0 0 1 0 0 1 0/0 14:49 0:41 1:22
Tyler Myers 0 0 0 -2 0 1 1 1 2 1 0/0 26:50 2:03 3:13
Players Stats for Senateurs
Player Name G A P +/- PIM S H SB GA TA FO MP PP MP PK MP
------------------------------------------------------------------------------------
Brandon Burlon 0 2 2 2 0 1 1 2 0 0 0/0 12:35 0:04 0:19
Cody Franson 0 0 0 0 2 1 0 0 0 0 0/0 19:02 1:19 2:53
Eric Gelinas 0 1 1 1 0 3 4 1 0 0 0/0 27:29 4:13 0:50
Eric Wellwood 0 0 0 0 0 1 1 0 2 0 1/1 9:29 0:00 1:56
Erik Haula 1 0 1 2 0 3 0 0 0 0 5/13 17:44 1:58 1:43
Jason Pominville 0 1 1 2 0 2 1 1 1 0 0/0 16:00 1:58 0:00
Loui Eriksson 0 0 0 0 0 2 1 0 0 0 0/0 10:21 0:00 0:00
Max Friberg 0 0 0 0 0 1 0 0 0 0 0/0 7:45 0:00 0:00
Max Pacioretty 1 0 1 2 0 3 2 0 0 1 1/1 16:53 1:58 1:16
Mike Green 0 0 0 1 0 2 2 1 1 0 0/0 27:25 4:13 0:50
Reilly Smith 0 2 2 1 2 6 0 0 1 0 5/6 21:12 3:30 0:00
Rostislav Olesz 0 0 0 0 0 0 0 1 0 1 0/0 10:05 0:00 0:00
Ryan Getzlaf 0 0 0 0 0 1 0 0 0 0 1/1 9:31 0:00 2:15
Sean Bergenheim 0 1 1 1 0 2 1 1 0 0 1/1 23:22 3:34 0:50
Sidney Crosby 3 0 3 1 2 7 3 0 1 0 15/29 22:45 3:34 0:04
Taylor Chorney 0 0 0 0 0 2 0 0 1 1 0/0 20:07 1:19 2:53
Tim Connolly 0 0 0 0 0 0 0 1 0 0 3/4 9:41 0:00 0:00
Wes O'Neill 0 1 1 2 0 1 1 1 0 1 0/0 12:34 0:00 0:19
3 Stars
1 - Sidney Crosby (Ott)
2 - Max Pacioretty (Ott)
3 - Brandon Burlon (Ott)
Power Play
Canucks - 0 on 3 Attempt(s) - 0.00%
Senateurs - 0 on 4 Attempt(s) - 0.00%
Penalty Kill
Canucks - 4 on 4 Attempt(s) - 100.00%
- Score 0 goal in Penalty Kill
Senateurs - 3 on 3 Attempt(s) - 100.00%
- Score 0 goal in Penalty Kill
Team Stat
Canucks - Hits : 19 - Faceoff Wins : 24 - Blocked Shots : 8 - Penalty Minutes : 8
Senateurs - Hits : 17 - Faceoff Wins : 32 - Blocked Shots : 9 - Penalty Minutes : 6
Official
Referees : Ghislain Hebert and TJ Luxmore
Linesman : Brad Kovachik and Julien Fournier
Game Notes
Sidney Crosby has scored a Hat Trick!
Finance
Level 1 -- Attendance: 5846 (97.43%) -- Ticket Income $584,600
Level 2 -- Attendance: 5000 (100.00%) -- Ticket Income $300,000
Level 3 -- Attendance: 2000 (100.00%) -- Ticket Income $70,000
Level 4 -- Attendance: 4000 (100.00%) -- Ticket Income $100,000
Luxury Box -- Attendance: 968 (96.80%) -- Ticket Income $193,600
Game was played at the Centre Canadian Tire.
Total Attendance: 17814 (98.97%)
Total Ticket Income: $1,248,200
Other Income: $187,230
Total Income: $1,435,430
Canucks
5 vs 5 Forward
Center Left Wing Right Wing Time % Phy DF OF
1 Robert Nilsson Marcus Johansson Nick Palmieri 40 1 2 2
2 Derick Brassard Jamie Benn Sam Gagner 30 1 2 2
3 Maxim Talbot Fabian Brunnstrom Jason Akeson 20 1 2 2
4 Cody Eakin Robert Nilsson Garnet Hathaway 10 1 2 2
5 vs 5 Defense
Defense Defense Time % Phy DF OF
1 Drew Doughty Tyler Myers 40 1 2 2
2 Alex Goligoski Mike Lundin 30 1 2 2
3 Michael Kostka Tomas Kundratek 20 1 2 2
4 Drew Doughty Tyler Myers 10 1 2 2
PowerPlay Forward
Center Left Wing Right Wing Time % Phy DF OF
1 Robert Nilsson Marcus Johansson Nick Palmieri 60 1 2 2
2 Derick Brassard Jamie Benn Sam Gagner 40 1 2 2
PowerPlay Defense
Defense Defense Time % Phy DF OF
1 Drew Doughty Tyler Myers 60 1 2 2
2 Alex Goligoski Mike Lundin 40 1 2 2
Penalty Kill 4 Players Forward
Center Wing Time % Phy DF OF
1 Robert Nilsson Derick Brassard 60 1 2 2
2 Nick Palmieri Sam Gagner 40 1 2 2
Penalty Kill 4 Players Defense
Defense Defense Time % Phy DF OF
1 Drew Doughty Tyler Myers 60 1 2 2
2 Alex Goligoski Mike Lundin 40 1 2 2
Penalty Kill - 3 Players Forward
Forward Time % Phy DF OF
1 Robert Nilsson 60 1 2 2
2 Derick Brassard 40 1 2 2
Penalty Kill - 3 Players Defense
Defense Defense Time % Phy DF OF
1 Drew Doughty Tyler Myers 60 1 2 2
2 Alex Goligoski Mike Lundin 40 1 2 2
4 vs 4 Forward
Center Wing Time % Phy DF OF
1 Robert Nilsson Derick Brassard 60 1 2 2
2 Nick Palmieri Sam Gagner 40 1 2 2
4 vs 4 Defense
Defense Defense Time % Phy DF OF
1 Drew Doughty Tyler Myers 60 1 2 2
2 Alex Goligoski Mike Lundin 40 1 2 2
Last Minutes Offensive
Center Left Wing Right Wing Defense Defense
Robert Nilsson Marcus Johansson Nick Palmieri Drew Doughty Tyler Myers
Last Minutes Defensive
Center Left Wing Right Wing Defense Defense
Robert Nilsson Marcus Johansson Nick Palmieri Drew Doughty Tyler Myers
Goaltenders
Starting : Jonathan Quick
Backup : Pekka Rinne
Extra Forwards
Normal : Oscar Sundqvist, Maxim Talbot, Jason Akeson - PP : Oscar Sundqvist, Maxim Talbot - PK : Jason Akeson
Extra Defensemen
Normal : Michael Kostka, Tomas Kundratek, Alex Goligoski - PP : Michael Kostka - PK : Tomas Kundratek, Alex Goligoski
Penalty Shots
Robert Nilsson, Derick Brassard, Nick Palmieri, Sam Gagner, Marcus Johansson
Scratches
Alexander Steen (Healthy)
Senateurs
5 vs 5 Forward
Center Left Wing Right Wing Time % Phy DF OF
1 Sidney Crosby Sean Bergenheim Reilly Smith 40 0 1 4
2 Erik Haula Max Pacioretty Jason Pominville 30 0 1 4
3 Tim Connolly Rostislav Olesz Loui Eriksson 20 0 2 3
4 Ryan Getzlaf Eric Wellwood Max Friberg 10 0 2 3
5 vs 5 Defense
Defense Defense Time % Phy DF OF
1 Eric Gelinas Mike Green 40 1 3 1
2 Cody Franson Taylor Chorney 30 1 3 1
3 Wes O'Neill Brandon Burlon 20 1 3 1
4 Eric Gelinas Mike Green 10 1 3 1
PowerPlay Forward
Center Left Wing Right Wing Time % Phy DF OF
1 Sidney Crosby Sean Bergenheim Reilly Smith 60 0 1 4
2 Erik Haula Max Pacioretty Jason Pominville 40 0 1 4
PowerPlay Defense
Defense Defense Time % Phy DF OF
1 Eric Gelinas Mike Green 60 0 2 3
2 Cody Franson Taylor Chorney 40 0 2 3
Penalty Kill 4 Players Forward
Center Wing Time % Phy DF OF
1 Sidney Crosby Sean Bergenheim 60 1 2 2
2 Erik Haula Max Pacioretty 40 1 2 2
Penalty Kill 4 Players Defense
Defense Defense Time % Phy DF OF
1 Eric Gelinas Mike Green 60 1 3 1
2 Cody Franson Taylor Chorney 40 1 3 1
Penalty Kill - 3 Players Forward
Forward Time % Phy DF OF
1 Sidney Crosby 60 1 3 1
2 Erik Haula 40 1 3 1
Penalty Kill - 3 Players Defense
Defense Defense Time % Phy DF OF
1 Eric Gelinas Mike Green 60 1 4 0
2 Cody Franson Taylor Chorney 40 1 4 0
4 vs 4 Forward
Center Wing Time % Phy DF OF
1 Sidney Crosby Sean Bergenheim 60 0 2 3
2 Erik Haula Max Pacioretty 40 0 2 3
4 vs 4 Defense
Defense Defense Time % Phy DF OF
1 Eric Gelinas Mike Green 60 1 3 1
2 Cody Franson Taylor Chorney 40 1 3 1
Last Minutes Offensive
Center Left Wing Right Wing Defense Defense
Sidney Crosby Sean Bergenheim Reilly Smith Eric Gelinas Mike Green
Last Minutes Defensive
Center Left Wing Right Wing Defense Defense
Sidney Crosby Sean Bergenheim Reilly Smith Eric Gelinas Mike Green
Goaltenders
Starting : Brian Elliott
Backup : Jonathan Bernier
Extra Forwards
Normal : Erik Haula, Loui Eriksson, Rostislav Olesz - PP : Erik Haula, Loui Eriksson - PK : Erik Haula
Extra Defensemen
Normal : Taylor Chorney, Wes O'Neill, Brandon Burlon - PP : Taylor Chorney - PK : Taylor Chorney, Wes O'Neill
Penalty Shots
Sidney Crosby, Sean Bergenheim, Reilly Smith, Max Pacioretty, Erik Haula
Scratches
Sergei Kostitsyn (Healthy), T.J. Fast (Healthy)
% Time on Ice - Canucks
Lines # - Real PCT - Wanted PCT - Time Play
Normal Forward
1 - 31% - 40% - 15:08
2 - 35% - 30% - 16:49
3 - 23% - 20% - 11:12
4 - 11% - 10% - 5:22
Normal Defense
1 - 39% - 40% - 19:05
2 - 32% - 30% - 15:21
3 - 25% - 20% - 11:56
4 - 4% - 10% - 2:09
PP Forward
1 - 100% - 60% - 4:02
2 - 0% - 40% - 0:00
PP Defense
1 - 51% - 60% - 2:03
2 - 49% - 40% - 1:59
PK Forward
1 - 82% - 60% - 4:31
2 - 18% - 40% - 1:01
PK Defense
1 - 58% - 60% - 3:13
2 - 42% - 40% - 2:19
PK3 Forward
1 - 0% - 60%
2 - 0% - 40%
PK3 Defense
1 - 0% - 60%
2 - 0% - 40%
44 Forward
1 - 70% - 60% - 1:21
2 - 30% - 40% - 0:34
44 Defense
1 - 63% - 60% - 1:13
2 - 37% - 40% - 0:42
Last Minute Offensive - 0:00
Last Minute Defensive - 0:00
Total
Forward - 60:00
Defense - 60:00
|
% Time on Ice - Senateurs
Lines # - Real PCT - Wanted PCT - Time Play
Normal Forward
1 - 37% - 40% - 17:46
2 - 30% - 30% - 14:21
3 - 20% - 20% - 9:33
4 - 14% - 10% - 6:51
Normal Defense
1 - 40% - 40% - 19:33
2 - 32% - 30% - 15:45
3 - 22% - 20% - 10:45
4 - 5% - 10% - 2:28
PP Forward
1 - 64% - 60% - 3:34
2 - 36% - 40% - 1:58
PP Defense
1 - 76% - 60% - 4:13
2 - 24% - 40% - 1:19
PK Forward
1 - 51% - 60% - 2:03
2 - 49% - 40% - 1:59
PK Defense
1 - 22% - 60% - 0:54
2 - 78% - 40% - 3:08
PK3 Forward
1 - 0% - 60%
2 - 0% - 40%
PK3 Defense
1 - 0% - 60%
2 - 0% - 40%
44 Forward
1 - 83% - 60% - 1:35
2 - 17% - 40% - 0:20
44 Defense
1 - 63% - 60% - 1:13
2 - 37% - 40% - 0:42
Last Minute Offensive - 0:00
Last Minute Defensive - 0:00
Total
Forward - 60:00
Defense - 60:00
|
Play-by-Play
1st period
0:01 of 1st period - Sidney Crosby wins face-off versus Robert Nilsson in neutral zone.
0:08 of 1st period - Wrist shot by Sidney Crosby.
0:08 of 1st period - Shot Blocked by Robert Nilsson.
0:26 of 1st period - Drew Doughty is hit by Mike Green and loses puck.
1:50 of 1st period - Wrist shot by Cody Eakin.
1:50 of 1st period - Shot Blocked by Sean Bergenheim.
2:00 of 1st period - Wrist shot by Sidney Crosby.
2:00 of 1st period - Stopped by Jonathan Quick with a rebound.
2:02 of 1st period - Snap shot by Reilly Smith.
2:02 of 1st period - Shot Misses the Net.
2:04 of 1st period - Slapshot by Brandon Burlon.
2:04 of 1st period - Deflect By Michael Kostka.
2:04 of 1st period - Stopped by Jonathan Quick with a rebound.
2:06 of 1st period - Snap shot by Reilly Smith.
2:06 of 1st period - Stopped by Jonathan Quick with a rebound.
2:20 of 1st period - Slapshot by Reilly Smith.
2:20 of 1st period - Stopped by Jonathan Quick without a rebound.
2:21 of 1st period - Jamie Benn wins face-off versus Erik Haula in Canucks zone.
2:47 of 1st period - Eric Gelinas is hit by Tyler Myers and loses puck.
2:52 of 1st period - Wrist shot by Jason Akeson.
2:52 of 1st period - Stopped by Brian Elliott with a rebound.
3:14 of 1st period - Cody Franson is hit by Oscar Sundqvist and loses puck.
4:39 of 1st period - Michael Kostka is hit by Loui Eriksson and loses puck.
5:02 of 1st period - Snap shot by Max Pacioretty.
5:02 of 1st period - Deflect By Jason Pominville.
5:02 of 1st period - Stopped by Jonathan Quick with a rebound.
5:31 of 1st period - Wrist shot by Sidney Crosby.
5:31 of 1st period - Stopped by Jonathan Quick without a rebound.
5:32 of 1st period - Sidney Crosby wins face-off versus Robert Nilsson in Canucks zone.
5:46 of 1st period - Wrist shot by Sean Bergenheim.
5:46 of 1st period - Shot Misses the Net.
5:52 of 1st period - Slapshot by Sean Bergenheim.
5:52 of 1st period - Stopped by Jonathan Quick without a rebound.
5:53 of 1st period - Erik Haula wins face-off versus Derick Brassard in Canucks zone.
6:04 of 1st period - Snap shot by Max Pacioretty.
6:04 of 1st period - Shot Misses the Net.
6:06 of 1st period - Wrist shot by Jason Pominville.
6:06 of 1st period - Shot Misses the Net.
6:08 of 1st period - Wrist shot by Max Pacioretty.
6:08 of 1st period - Stopped by Jonathan Quick with a rebound.
6:10 of 1st period - Slapshot by Cody Franson.
6:10 of 1st period - Stopped by Jonathan Quick with a rebound.
6:31 of 1st period - Wrist shot by Nick Palmieri.
6:31 of 1st period - Deflect By Marcus Johansson.
6:31 of 1st period - Stopped by Brian Elliott without a rebound.
6:32 of 1st period - Erik Haula wins face-off versus Maxim Talbot in Senateurs zone.
6:47 of 1st period - Wrist shot by Max Pacioretty.
6:47 of 1st period - Goal by Max Pacioretty - Canucks : 0 - Senateurs : 1.
6:48 of 1st period - Robert Nilsson wins face-off versus Sidney Crosby in neutral zone.
6:51 of 1st period - Mike Green is hit by Robert Nilsson and loses puck.
7:20 of 1st period - Jason Akeson is hit by Sidney Crosby and loses puck.
7:35 of 1st period - Drew Doughty is hit by Eric Gelinas and loses puck.
7:42 of 1st period - Slapshot by Sidney Crosby.
7:42 of 1st period - Stopped by Jonathan Quick with a rebound.
8:38 of 1st period - Tyler Myers is hit by Sidney Crosby and loses puck.
9:57 of 1st period - Minor Penalty to Reilly Smith for Roughing.
9:58 of 1st period - Robert Nilsson wins face-off versus Erik Haula in Senateurs zone.
10:12 of 1st period - Snap shot by Robert Nilsson.
10:12 of 1st period - Stopped by Brian Elliott with a rebound.
11:33 of 1st period - Max Pacioretty is hit by Oscar Sundqvist and loses puck.
11:57 of 1st period - Penalty to Reilly Smith is over, Reilly Smith is back on ice.
12:02 of 1st period - Erik Haula is hit by Maxim Talbot and loses puck.
12:57 of 1st period - Mike Lundin is hit by Wes O'Neill and loses puck.
13:16 of 1st period - Jason Akeson is hit by Jason Pominville and loses puck.
14:33 of 1st period - Eric Wellwood is hit by Alex Goligoski and loses puck.
14:54 of 1st period - Max Pacioretty is hit by Drew Doughty and loses puck.
15:46 of 1st period - Icing by Cody Franson.
15:47 of 1st period - Max Pacioretty wins face-off versus Derick Brassard in Senateurs zone.
15:58 of 1st period - Jason Pominville is hit by Nick Palmieri and loses puck.
17:06 of 1st period - Slapshot by Drew Doughty.
17:06 of 1st period - Deflect By Sidney Crosby.
17:06 of 1st period - Goal by Drew Doughty - Canucks : 1 - Senateurs : 1.
17:07 of 1st period - Sidney Crosby wins face-off versus Robert Nilsson in neutral zone.
17:18 of 1st period - Wrist shot by Sidney Crosby.
17:18 of 1st period - Shot Blocked by Marcus Johansson.
17:20 of 1st period - Wrist shot by Reilly Smith.
17:20 of 1st period - Stopped by Jonathan Quick with a rebound.
17:22 of 1st period - Slapshot by Taylor Chorney.
17:22 of 1st period - Stopped by Jonathan Quick without a rebound.
17:23 of 1st period - Erik Haula wins face-off versus Maxim Talbot in Canucks zone.
17:27 of 1st period - Minor Penalty to Mike Lundin for Roughing.
17:28 of 1st period - Robert Nilsson wins face-off versus Sidney Crosby in Canucks zone.
17:36 of 1st period - Slapshot by Eric Gelinas.
17:36 of 1st period - Stopped by Jonathan Quick without a rebound.
17:37 of 1st period - Sidney Crosby wins face-off versus Robert Nilsson in Canucks zone.
17:42 of 1st period - Snap shot by Sean Bergenheim.
17:42 of 1st period - Deflect By Reilly Smith.
17:42 of 1st period - Stopped by Jonathan Quick without a rebound.
17:43 of 1st period - Reilly Smith wins face-off versus Robert Nilsson in Canucks zone.
18:00 of 1st period - Snap shot by Sidney Crosby.
18:00 of 1st period - Shot Blocked by Tyler Myers.
18:25 of 1st period - Tomas Kundratek is hit by Eric Gelinas.
19:12 of 1st period - Drew Doughty is hit by Eric Gelinas.
19:27 of 1st period - Penalty to Mike Lundin is over, Mike Lundin is back on ice.
Goals for this period are 1 for Canucks vs 1 for Senateurs.
Shots for this period are 4 for Canucks vs 15 for Senateurs.
2nd period
0:01 of 2nd period - Sidney Crosby wins face-off versus Robert Nilsson in neutral zone.
0:50 of 2nd period - Backhand shot by Sam Gagner.
0:50 of 2nd period - Stopped by Brian Elliott without a rebound.
0:51 of 2nd period - Ryan Getzlaf wins face-off versus Derick Brassard in Senateurs zone.
0:51 of 2nd period - Ryan Getzlaf is hit by Sam Gagner.
0:54 of 2nd period - Minor Penalty to Cody Franson for Slashing.
0:55 of 2nd period - Robert Nilsson wins face-off versus Sidney Crosby in Senateurs zone.
0:58 of 2nd period - Minor Penalty to Nick Palmieri for Tripping.
0:59 of 2nd period - Robert Nilsson wins face-off versus Sidney Crosby in Canucks zone.
1:18 of 2nd period - Icing by Robert Nilsson.
1:19 of 2nd period - Sidney Crosby wins face-off versus Robert Nilsson in Canucks zone.
1:52 of 2nd period - Snap shot by Oscar Sundqvist.
1:52 of 2nd period - Shot Blocked by Eric Gelinas.
2:12 of 2nd period - Wrist shot by Erik Haula.
2:12 of 2nd period - Shot Misses the Net.
2:54 of 2nd period - Penalty to Cody Franson is over, Cody Franson is back on ice.
2:58 of 2nd period - Penalty to Nick Palmieri is over, Nick Palmieri is back on ice.
3:29 of 2nd period - Wrist shot by Ryan Getzlaf.
3:29 of 2nd period - Stopped by Jonathan Quick without a rebound.
3:30 of 2nd period - Derick Brassard wins face-off versus Erik Haula in Canucks zone.
3:37 of 2nd period - Wrist shot by Jason Pominville.
3:37 of 2nd period - Deflect By Mike Lundin.
3:37 of 2nd period - Stopped by Jonathan Quick with a rebound.
3:39 of 2nd period - Slapshot by Eric Gelinas.
3:39 of 2nd period - Stopped by Jonathan Quick without a rebound.
3:40 of 2nd period - Jamie Benn wins face-off versus Erik Haula in Canucks zone.
3:47 of 2nd period - Snap shot by Derick Brassard.
3:47 of 2nd period - Shot Misses the Net.
4:25 of 2nd period - Snap shot by Jason Pominville.
4:25 of 2nd period - Shot Blocked by Alex Goligoski.
4:52 of 2nd period - Wrist shot by Erik Haula.
4:52 of 2nd period - Shot Misses the Net.
4:54 of 2nd period - Slapshot by Erik Haula.
4:54 of 2nd period - Stopped by Jonathan Quick with a rebound.
4:56 of 2nd period - Snap shot by Mike Green.
4:56 of 2nd period - Stopped by Jonathan Quick without a rebound.
4:57 of 2nd period - Sidney Crosby wins face-off versus Robert Nilsson in Canucks zone.
5:05 of 2nd period - Off-side.
5:06 of 2nd period - Sean Bergenheim wins face-off versus Robert Nilsson in neutral zone.
5:19 of 2nd period - Snap shot by Nick Palmieri.
5:19 of 2nd period - Stopped by Brian Elliott with a rebound.
5:21 of 2nd period - Snap shot by Tyler Myers.
5:21 of 2nd period - Stopped by Brian Elliott without a rebound.
5:22 of 2nd period - Robert Nilsson wins face-off versus Tim Connolly in Senateurs zone.
5:39 of 2nd period - Slapshot by Cody Franson.
5:39 of 2nd period - Shot Misses the Net.
6:33 of 2nd period - Snap shot by Derick Brassard.
6:33 of 2nd period - Stopped by Brian Elliott with a rebound.
6:35 of 2nd period - Wrist shot by Sam Gagner.
6:35 of 2nd period - Shot Blocked by Jason Pominville.
6:37 of 2nd period - Snap shot by Jamie Benn.
6:37 of 2nd period - Shot Misses the Net.
7:09 of 2nd period - Wrist shot by Sidney Crosby.
7:09 of 2nd period - Stopped by Jonathan Quick without a rebound.
7:10 of 2nd period - Maxim Talbot wins face-off versus Sidney Crosby in Canucks zone.
7:19 of 2nd period - Slapshot by Maxim Talbot.
7:19 of 2nd period - Shot Blocked by Mike Green.
7:21 of 2nd period - Snap shot by Fabian Brunnstrom.
7:21 of 2nd period - Stopped by Brian Elliott with a rebound.
7:23 of 2nd period - Snap shot by Fabian Brunnstrom.
7:23 of 2nd period - Stopped by Brian Elliott with a rebound.
7:25 of 2nd period - Slapshot by Tomas Kundratek.
7:25 of 2nd period - Shot Misses the Net.
8:57 of 2nd period - Cody Franson is hit by Alex Goligoski and loses puck.
10:16 of 2nd period - Tyler Myers is hit by Brandon Burlon and loses puck.
10:40 of 2nd period - Wes O'Neill is hit by Garnet Hathaway and loses puck.
10:47 of 2nd period - Snap shot by Garnet Hathaway.
10:47 of 2nd period - Shot Blocked by Wes O'Neill.
10:49 of 2nd period - Slapshot by Mike Lundin.
10:49 of 2nd period - Shot Blocked by Brandon Burlon.
11:29 of 2nd period - Wrist shot by Loui Eriksson.
11:29 of 2nd period - Shot Blocked by Jason Akeson.
11:59 of 2nd period - Cody Eakin is hit by Sidney Crosby and loses puck.
12:06 of 2nd period - Snap shot by Reilly Smith.
12:06 of 2nd period - Stopped by Jonathan Quick without a rebound.
12:07 of 2nd period - Reilly Smith wins face-off versus Derick Brassard in Canucks zone.
12:28 of 2nd period - Reilly Smith is hit by Jamie Benn and loses puck.
13:01 of 2nd period - Snap shot by Loui Eriksson.
13:01 of 2nd period - Stopped by Jonathan Quick without a rebound.
13:02 of 2nd period - Tim Connolly wins face-off versus Robert Nilsson in Canucks zone.
13:17 of 2nd period - Slapshot by Nick Palmieri.
13:17 of 2nd period - Shot Misses the Net.
13:19 of 2nd period - Snap shot by Mike Lundin.
13:19 of 2nd period - Deflect By Mike Green.
13:19 of 2nd period - Stopped by Brian Elliott with a rebound.
13:21 of 2nd period - Snap shot by Alex Goligoski.
13:21 of 2nd period - Shot Blocked by Rostislav Olesz.
13:23 of 2nd period - Snap shot by Robert Nilsson.
13:23 of 2nd period - Shot Misses the Net.
13:25 of 2nd period - Wrist shot by Marcus Johansson.
13:25 of 2nd period - Shot Hit the Post.
13:27 of 2nd period - Snap shot by Mike Lundin.
13:27 of 2nd period - Deflect By Marcus Johansson.
13:27 of 2nd period - Stopped by Brian Elliott with a rebound.
13:39 of 2nd period - Snap shot by Rostislav Olesz.
13:39 of 2nd period - Deflect By Loui Eriksson.
13:39 of 2nd period - Shot Misses the Net.
13:39 of 2nd period - Puck is out of play.
13:40 of 2nd period - Sidney Crosby wins face-off versus Derick Brassard in Canucks zone.
13:49 of 2nd period - Snap shot by Sidney Crosby.
13:49 of 2nd period - Goal by Sidney Crosby - Canucks : 1 - Senateurs : 2.
13:50 of 2nd period - Sidney Crosby wins face-off versus Robert Nilsson in neutral zone.
14:27 of 2nd period - Snap shot by Derick Brassard.
14:27 of 2nd period - Shot Misses the Net.
17:14 of 2nd period - Backhand shot by Tim Connolly.
17:14 of 2nd period - Shot Blocked by Maxim Talbot.
17:16 of 2nd period - Wrist shot by Loui Eriksson.
17:16 of 2nd period - Stopped by Jonathan Quick with a rebound.
18:10 of 2nd period - Off-side.
18:11 of 2nd period - Robert Nilsson wins face-off versus Sidney Crosby in neutral zone.
18:24 of 2nd period - Wrist shot by Nick Palmieri.
18:24 of 2nd period - Stopped by Brian Elliott with a rebound.
19:17 of 2nd period - Slapshot by Alex Goligoski.
19:17 of 2nd period - Stopped by Brian Elliott without a rebound.
19:18 of 2nd period - Robert Nilsson wins face-off versus Sidney Crosby in Senateurs zone.
19:45 of 2nd period - Marcus Johansson is hit by Eric Gelinas and loses puck.
Goals for this period are 0 for Canucks vs 1 for Senateurs.
Shots for this period are 10 for Canucks vs 10 for Senateurs.
3rd period
0:01 of 3rd period - Reilly Smith wins face-off versus Robert Nilsson in neutral zone.
0:12 of 3rd period - Snap shot by Sean Bergenheim.
0:12 of 3rd period - Shot Misses the Net.
0:14 of 3rd period - Slapshot by Mike Green.
0:14 of 3rd period - Shot Misses the Net.
0:16 of 3rd period - Slapshot by Mike Green.
0:16 of 3rd period - Stopped by Jonathan Quick with a rebound.
0:26 of 3rd period - Mike Green is hit by Sam Gagner and loses puck.
1:10 of 3rd period - Wrist shot by Sidney Crosby.
1:10 of 3rd period - Shot Misses the Net.
1:31 of 3rd period - Slapshot by Wes O'Neill.
1:31 of 3rd period - Shot Misses the Net.
1:51 of 3rd period - Slapshot by Michael Kostka.
1:51 of 3rd period - Shot Blocked by Brandon Burlon.
1:57 of 3rd period - Wrist shot by Erik Haula.
1:57 of 3rd period - Goal by Erik Haula - Canucks : 1 - Senateurs : 3.
1:58 of 3rd period - Robert Nilsson wins face-off versus Sidney Crosby in neutral zone.
2:00 of 3rd period - Off-side.
2:01 of 3rd period - Sidney Crosby wins face-off versus Robert Nilsson in neutral zone.
2:29 of 3rd period - Snap shot by Robert Nilsson.
2:29 of 3rd period - Stopped by Brian Elliott without a rebound.
2:30 of 3rd period - Derick Brassard wins face-off versus Erik Haula in Senateurs zone.
2:35 of 3rd period - Wrist shot by Sam Gagner.
2:35 of 3rd period - Deflect By Derick Brassard.
2:35 of 3rd period - Shot Misses the Net.
2:35 of 3rd period - Puck is out of play.
2:36 of 3rd period - Nick Palmieri wins face-off versus Sidney Crosby in Senateurs zone.
2:47 of 3rd period - Snap shot by Nick Palmieri.
2:47 of 3rd period - Goal by Nick Palmieri - Canucks : 2 - Senateurs : 3.
2:48 of 3rd period - Sidney Crosby wins face-off versus Robert Nilsson in neutral zone.
3:03 of 3rd period - Snap shot by Robert Nilsson.
3:03 of 3rd period - Stopped by Brian Elliott with a rebound.
3:15 of 3rd period - Derick Brassard is hit by Max Pacioretty and loses puck.
3:43 of 3rd period - Wrist shot by Robert Nilsson.
3:43 of 3rd period - Stopped by Brian Elliott without a rebound.
3:44 of 3rd period - Derick Brassard wins face-off versus Sidney Crosby in Senateurs zone.
3:57 of 3rd period - Backhand shot by Derick Brassard.
3:57 of 3rd period - Shot Misses the Net.
4:37 of 3rd period - Wrist shot by Max Friberg.
4:37 of 3rd period - Shot Misses the Net.
4:51 of 3rd period - Wrist shot by Marcus Johansson.
4:51 of 3rd period - Stopped by Brian Elliott with a rebound.
4:53 of 3rd period - Wrist shot by Michael Kostka.
4:53 of 3rd period - Deflect By Robert Nilsson.
4:53 of 3rd period - Shot Blocked by Tim Connolly.
4:53 of 3rd period - Puck is out of play.
4:54 of 3rd period - Tim Connolly wins face-off versus Maxim Talbot in Senateurs zone.
5:11 of 3rd period - Brandon Burlon is hit by Jason Akeson and loses puck.
7:27 of 3rd period - Snap shot by Max Friberg.
7:27 of 3rd period - Stopped by Jonathan Quick without a rebound.
7:28 of 3rd period - Jamie Benn wins face-off versus Reilly Smith in Canucks zone.
7:49 of 3rd period - Sidney Crosby is hit by Tomas Kundratek and loses puck.
8:02 of 3rd period - Slapshot by Michael Kostka.
8:02 of 3rd period - Stopped by Brian Elliott with a rebound.
8:08 of 3rd period - Derick Brassard is hit by Sean Bergenheim and loses puck.
8:21 of 3rd period - Snap shot by Sidney Crosby.
8:21 of 3rd period - Goal by Sidney Crosby - Canucks : 2 - Senateurs : 4.
8:22 of 3rd period - Robert Nilsson wins face-off versus Erik Haula in neutral zone.
8:35 of 3rd period - Snap shot by Erik Haula.
8:35 of 3rd period - Stopped by Jonathan Quick without a rebound.
8:36 of 3rd period - Erik Haula wins face-off versus Robert Nilsson in Canucks zone.
8:39 of 3rd period - Snap shot by Max Pacioretty.
8:39 of 3rd period - Stopped by Jonathan Quick without a rebound.
8:40 of 3rd period - Robert Nilsson wins face-off versus Erik Haula in Canucks zone.
8:57 of 3rd period - Slapshot by Eric Gelinas.
8:57 of 3rd period - Stopped by Jonathan Quick without a rebound.
8:58 of 3rd period - Reilly Smith wins face-off versus Maxim Talbot in Canucks zone.
9:13 of 3rd period - Wrist shot by Maxim Talbot.
9:13 of 3rd period - Stopped by Brian Elliott with a rebound.
9:15 of 3rd period - Wrist shot by Fabian Brunnstrom.
9:15 of 3rd period - Stopped by Brian Elliott with a rebound.
9:25 of 3rd period - Jason Pominville is hit by Nick Palmieri and loses puck.
9:43 of 3rd period - Minor Penalty to Mike Lundin for Hooking.
9:44 of 3rd period - Robert Nilsson wins face-off versus Sidney Crosby in Canucks zone.
11:15 of 3rd period - Tyler Myers is hit by Max Pacioretty and loses puck.
11:43 of 3rd period - Penalty to Mike Lundin is over, Mike Lundin is back on ice.
12:07 of 3rd period - Icing by Alex Goligoski.
12:08 of 3rd period - Eric Wellwood wins face-off versus Maxim Talbot in Canucks zone.
12:13 of 3rd period - Wrist shot by Eric Wellwood.
12:13 of 3rd period - Stopped by Jonathan Quick with a rebound.
12:18 of 3rd period - Off-side.
12:19 of 3rd period - Robert Nilsson wins face-off versus Sidney Crosby in neutral zone.
12:45 of 3rd period - Taylor Chorney is hit by Jason Akeson and loses puck.
12:52 of 3rd period - Slapshot by Wes O'Neill.
12:52 of 3rd period - Stopped by Jonathan Quick without a rebound.
12:53 of 3rd period - Sidney Crosby wins face-off versus Derick Brassard in Canucks zone.
13:02 of 3rd period - Snap shot by Sidney Crosby.
13:02 of 3rd period - Shot Blocked by Derick Brassard.
13:04 of 3rd period - Wrist shot by Sean Bergenheim.
13:04 of 3rd period - Stopped by Jonathan Quick without a rebound.
13:05 of 3rd period - Sidney Crosby wins face-off versus Robert Nilsson in Canucks zone.
13:06 of 3rd period - Snap shot by Reilly Smith.
13:06 of 3rd period - Stopped by Jonathan Quick without a rebound.
13:07 of 3rd period - Robert Nilsson wins face-off versus Sidney Crosby in Canucks zone.
14:06 of 3rd period - Sam Gagner is hit by Eric Wellwood and loses puck.
14:25 of 3rd period - Slapshot by Taylor Chorney.
14:25 of 3rd period - Stopped by Jonathan Quick with a rebound.
14:47 of 3rd period - Slapshot by Sean Bergenheim.
14:47 of 3rd period - Shot Misses the Net.
14:49 of 3rd period - Wrist shot by Sidney Crosby.
14:49 of 3rd period - Goal by Sidney Crosby - Canucks : 2 - Senateurs : 5.
14:50 of 3rd period - Robert Nilsson wins face-off versus Sidney Crosby in neutral zone.
14:59 of 3rd period - Slapshot by Eric Gelinas.
14:59 of 3rd period - Shot Blocked by Mike Lundin.
15:25 of 3rd period - Snap shot by Maxim Talbot.
15:25 of 3rd period - Stopped by Brian Elliott without a rebound.
15:26 of 3rd period - Maxim Talbot wins face-off versus Erik Haula in Senateurs zone.
15:31 of 3rd period - Wrist shot by Fabian Brunnstrom.
15:31 of 3rd period - Shot Misses the Net.
15:49 of 3rd period - Icing by Cody Franson.
15:50 of 3rd period - Reilly Smith wins face-off versus Robert Nilsson in Senateurs zone.
16:07 of 3rd period - Minor Penalty to Sidney Crosby for Interference.
16:08 of 3rd period - Erik Haula wins face-off versus Robert Nilsson in Senateurs zone.
16:20 of 3rd period - Sean Bergenheim is hit by Nick Palmieri and loses puck.
17:36 of 3rd period - Wrist shot by Nick Palmieri.
17:36 of 3rd period - Shot Misses the Net.
17:58 of 3rd period - Slapshot by Drew Doughty.
17:58 of 3rd period - Deflect By Robert Nilsson.
17:58 of 3rd period - Stopped by Brian Elliott with a rebound.
18:04 of 3rd period - Slapshot by Drew Doughty.
18:04 of 3rd period - Shot Misses the Net.
18:06 of 3rd period - Slapshot by Robert Nilsson.
18:06 of 3rd period - Stopped by Brian Elliott without a rebound.
18:07 of 3rd period - Penalty to Sidney Crosby is over, Sidney Crosby is back on ice.
18:07 of 3rd period - Tim Connolly wins face-off versus Derick Brassard in Senateurs zone.
18:07 of 3rd period - Tim Connolly is hit by Jamie Benn.
18:29 of 3rd period - Minor Penalty to Jamie Benn for Interference.
18:30 of 3rd period - Sidney Crosby wins face-off versus Jason Akeson in Canucks zone.
18:38 of 3rd period - Icing by Reilly Smith.
18:39 of 3rd period - Sidney Crosby wins face-off versus Jason Akeson in Senateurs zone.
19:28 of 3rd period - Cody Eakin is hit by Mike Green and loses puck.
Goals for this period are 1 for Canucks vs 3 for Senateurs.
Shots for this period are 11 for Canucks vs 13 for Senateurs.